 Dungeon Crawl Stone Soup version 0.31.0-11-ge490571c62 (webtiles) character file.

Game seed: 1832764172214077869

2933 croobank the Caller (level 9, -2/73 HPs)
             Began as a Demigod Summoner on Feb 1, 2024.
             Engulfed by a fire crab's flame (12 damage)
             ... on level 8 of the Dungeon.
             The game lasted 00:27:45 (9228 turns).

croobank the Caller (Demigod Summoner)              Turns: 9228, Time: 00:27:45

Health: -2/73      AC:  4    Str:  9    XL:     9   Next: 26%
Magic:  24/29      EV: 14    Int: 29    God:
Gold:   299        SH:  0    Dex: 14    Spells: 3/17 levels left

rFire   + . .        a - +3 dagger
rCold   + + .        (no shield)
rNeg    . . .        H - +0 robe
rPois   +            A - +0 helmet
rElec   +            y - +0 cloak
rCorr   +            (no gloves)
SInv    .            (no boots)
Will    .....        t - amulet of magic regeneration
Stlth   +++          o - ring of protection from cold
HPRegen 0.32/turn    z - ring of magical power
MPRegen 0.61/turn

%: no passive effects
@: resistant, inugami summoned
A: high MP 1, forlorn, divine attributes
a: no special abilities


You were on level 8 of the Dungeon.
You visited 1 branch of the dungeon, and saw 8 of its levels.

You collected 299 gold pieces.

Inventory:

Hand Weapons
 a - a +3 dagger (weapon)
 r - a +3 spear
Missiles
 i - 6 boomerangs (quivered)
 C - a throwing net
 I - 5 poisoned darts
Armour
 c - a +0 kite shield
 m - a +0 ring mail
 y - a +0 cloak (worn)
 A - a +0 helmet (worn)
 H - a +0 robe (worn)
Magical Staves
 l - a staff of air
Jewellery
 o - a ring of protection from cold (left hand)
 t - an amulet of magic regeneration (around neck)
 z - a ring of magical power (right hand)
 G - a ring of flight
Talismans
 s - a beast talisman
 D - a flux talisman
Scrolls
 b - a scroll of revelation
 d - 2 scrolls of fear
 g - 2 scrolls of blinking {unknown}
 h - a scroll of silence {unknown}
 k - 3 scrolls of teleportation {unknown}
 u - a scroll of vulnerability {unknown}
 v - a scroll of immolation {unknown}
 w - 3 scrolls of poison {unknown}
 B - a scroll of fog {unknown}
 E - 2 scrolls of noise {unknown}
 F - a scroll of acquirement {unknown}
Potions
 e - a potion of resistance
 n - a potion of mutation
 p - 2 potions of magic
 q - a potion of attraction
 x - a potion of cancellation


   Skills:
 + Level 4.9 Fighting
 + Level 5.3 Dodging
 + Level 5.7 Stealth
 + Level 4.9 Spellcasting
 + Level 6.1 Summonings
 + Level 3.9 Fire Magic
 * Level 0.6 Air Magic


You had 3 spell levels left.
You knew the following spells:

 Your Spells              Type           Power      Damage    Failure   Level
a - Summon Small Mammal   Summ           100%       N/A       1%          1
b - Call Imp              Summ           84%        N/A       1%          2
c - Call Canine Familiar  Summ           42%        N/A       1%          3
d - Summon Blazeheart Go  Fire/Summ      36%        N/A       8%          4
e - Summon Lightning Spi  Summ/Air       26%        N/A       16%         4

Your spell library contained the following spells:

 Spells                   Type           Power      Damage    Failure   Level


Dungeon Overview and Level Annotations

Branches:
Dungeon (8/15)             Temple (0/1) D:6
   Lair: D:8-11

Shops:
D:7 =


Innate Abilities, Weirdness & Mutations

You have an increased reservoir of magic. (+10% MP)
You shall have no god before yourself.
Your divine heritage dramatically boosts your attributes as you level up.


Message History

Your lightning spire is destroyed!
Your lightning spire disappears in a puff of smoke!
Casting: Summon Lightning Spire (dangerous; 16% risk of failure)
Confirm with . or Enter, or press ? or * to list all spells.
An electric hum fills the air.
What are your orders? t - Shout!
Orders for allies: a - Attack new target. p - Attack previous target. r - Retreat! s - Stop attacking. g - Guard the area. f - Follow me.
Anything else - Cancel.
Gang up on whom?
Press: ? - help, Dir - move target, f/p - fire crab
Aim: a fire crab (almost dead, ally target) Attack!
The fire crab breathes flames at you. The blast of flame engulfs you.
* * * LOW HITPOINT WARNING * * *
You feel protected.
You are engulfed in blazing flames.
You resist.
* * * LOW HITPOINT WARNING * * *
The fire crab breathes flames at you. The blast of flame misses you.
Okay, then.
Okay, then.
What are your orders? t - Shout!
Orders for allies: a - Attack new target. p - Attack previous target. r - Retreat! s - Stop attacking. g - Guard the area. f - Follow me.
Anything else - Cancel.
Gang up on whom?
Press: ? - help, Dir - move target, f/p - fire crab
Aim: a fire crab (almost dead, ally target)
Okay, then.
Casting: Summon Lightning Spire (dangerous; 16% risk of failure)
Confirm with . or Enter, or press ? or * to list all spells.
You call for your canine familiar and it appears with a howl!
You are engulfed in blazing flames.
You resist.
You die...

#.# #.# #. ###
#.#### #.### #..
.....# ...#.# #.#
#.##.# ......#
#.####.##.#
§..#...###.##.#8##.#
≈≈......##.#..°°##.#
≈≈.#.)..'....t.@##.#
≈≈......##....°°°°.#
.≈.#..°######h°#####
≈.....# ##.# ...#.#
#.# #. ## #.# # #.#
#.# #.#


You could see a fire crab (ally target), a friendly lightning spire (summoned)
and a friendly inugami (summoned).

Vanquished Creatures
  Jeremiah (D:6)
  A komodo dragon (D:6)
  Grinder (D:6)
  An ice beast (D:6)
  An ogre (D:6)
  A centaur (D:6)
  A kobold brigand (D:6)
  A scorpion (D:6)
  A bombardier beetle (D:6)
  Natasha (D:2)
  2 gnolls (D:5)
  An adder (D:2)
  A white imp (D:6)
  2 ufetubi
  A ribbon worm (D:2)
  2 dart slugs
  2 orcs (D:6)
  A bat (D:2)
  4 goblins (D:1)
  3 hobgoblins (D:2)
  2 quokkas (D:1)
  4 ball pythons
  3 kobolds
  2 rats
40 creatures vanquished.

Vanquished Creatures (collateral kills)
  A shadow (D:6)
  A steam dragon (D:6)
  An ice beast (D:6)
  An ogre (D:6)
  A black bear (D:6)
  A centaur (D:6)
  3 phantoms
  A kobold brigand (D:6)
  A bullfrog (D:7)
  A scorpion (D:6)
  A wight (D:6)
  A howler monkey (D:3)
  An orc priest (D:6)
  2 hounds
  3 sleepcaps
  2 iguanas (D:4)
  Natasha (twice) (D:2)
  2 orc wizards
  A nameless horror (D:6)
  12 adders
  6 gnolls (D:5)
  2 shadow imps
  4 ufetubi
  A dart slug (D:2)
  2 ribbon worms
  16 orcs
  3 ball pythons
  7 endoplasms
  2 giant cockroaches
  4 goblins
  8 hobgoblins
  5 kobolds
  3 quokkas
  2 bats (D:1)
  3 frilled lizards (D:3)
  A rat (D:2)
108 creatures vanquished.

Vanquished Creatures (others)
  11 blazeheart cores
11 creatures vanquished.

Grand Total: 159 creatures vanquished

Notes
Turn   | Place    | Note
-------+----------+-------------------------------------------
     0 | D:1      | croobank the Demigod Summoner began the quest for the Orb.
     0 | D:1      | Reached XP level 1. HP: 14/14 MP: 5/5
   311 | D:1      | Reached XP level 2. HP: 19/22 MP: 7/7
   712 | D:1      | Learned a level 2 spell: Call Imp
  1340 | D:2      | Noticed Natasha
  1353 | D:2      | Killed Natasha
  1354 | D:2      | Reached skill level 1 in Fighting
  1354 | D:2      | Reached XP level 3. HP: 16/28 MP: 5/8
  1408 | D:2      | Learned a level 3 spell: Call Canine Familiar
  1542 | D:2      | Noticed Natasha
  1551 | D:2      | Killed Natasha
  1552 | D:2      | Reached skill level 4 in Summonings
  1616 | D:2      | Reached XP level 4. HP: 35/35 MP: 4/10
  1740 | D:2      | Noticed Natasha
  1751 | D:2      | Killed Natasha
  2476 | D:2      | Reached XP level 5. HP: 41/41 MP: 11/11
  4115 | D:4      | You fall into a shaft and drop 3 floors!
  4176 | D:7      | Reached XP level 6. HP: 50/50 MP: 9/13
  4181 | D:7      | Learned a level 4 spell: Summon Blazeheart Golem
  4324 | D:5      | Entered Level 5 of the Dungeon
  5957 | D:4      | Reached skill level 1 in Fire Magic
  6193 | D:6      | Reached XP level 7. HP: 38/56 MP: 13/15
  6577 | D:6      | Found a staircase to the Ecumenical Temple.
  6802 | D:6      | Reached skill level 5 in Summonings
  6920 | D:6      | Noticed a steam dragon
  6954 | D:6      | Killed a steam dragon
  7245 | D:6      | Reached XP level 8. HP: 64/64 MP: 9/17
  7477 | D:6      | Noticed Jeremiah
  7492 | D:6      | Killed Jeremiah
  7596 | D:6      | Noticed Grinder
  7615 | D:6      | Killed Grinder
  7774 | D:6      | Reached skill level 5 in Stealth
  7828 | D:6      | HP: 3/66 [ice beast (12)]
  8045 | D:6      | Noticed a komodo dragon
  8054 | D:6      | Killed a komodo dragon
  8055 | D:6      | Reached skill level 5 in Dodging
  8055 | D:6      | Reached XP level 9. HP: 67/72 MP: 10/19
  8060 | D:6      | Learned a level 4 spell: Summon Lightning Spire
  8131 | D:6      | Reached skill level 6 in Summonings
  8824 | D:7      | Found Xubluczotor's Jewellery Boutique.
  9209 | D:8      | Noticed a fire crab
  9228 | D:8      | Engulfed by a fire crab's flame

Illustrated notes

Levels and vault maps discovered:
D:1:      zelgadis_glass_arrival_small, layout_basic, serial_rivers,
          chequers_serial_rivers_small_b, chequers_serial_rivers_micro_b,
          chequers_serial_rivers_room_a, chequers_serial_rivers_room_a,
          chequers_serial_rivers_small_a, hellmonk_ecumenical_altar_run_dry
D:2:      layout_loops_corners, minmay_misc_feat_tower, uniq_natasha
D:3:      layout_basic, ashenzari_conservatory_becter
D:4:      layout_rooms, mainiacjoe_overflow_cross_hatched, minivault_26
D:5:      layout_basic, amcnicky_mini_pool_small
D:6:      wad_guarded_room, layout_basic, lemuel_round_altar,
          mainiacjoe_overflow_boulevard, uniq_grinder, uniq_jeremiah
D:7:      layout_basic, serial_shops, shop
D:8:      layout_loops_corners, nicolae_yredelemnul_corpse_copse,
          minmay_lair_entry_lava, dreamdust_mushroom_princess, uniq_joseph

Skill      XL: |  1  2  3  4  5  6  7  8  9 |
---------------+----------------------------+-----
Stealth        | 2 3 4 5 |  5.7
Dodging        | 2 3 4 5 |  5.3
Spellcasting   | 2 3 4 |  4.9
Fighting       | 1 2 3 4 |  4.9
Summonings     | 4 5 6 |  6.1
Fire Magic     | 1 2 3 |  3.9
Air Magic      | |  0.6

Action                     |  1- 3 |  4- 6 |  7- 9 || total
---------------------------+-------+-------+-------++-------
  Melee: Dagger            |    59 |   132 |    82 ||   273
         Unarmed           |     2 |       |       ||     2
         Punch             |       |       |     1 ||     1
   Cast: Summon Small Mamm |    24 |    38 |    22 ||    84
         Call Imp          |     9 |    26 |    18 ||    53
         Call Canine Famil |     1 |    24 |    16 ||    41
         Summon Blazeheart |       |     1 |    14 ||    15
         Summon Lightning  |       |       |     6 ||     6
    Use: Scroll            |       |     6 |     4 ||    10
         Potion            |       |       |     7 ||     7
   Stab: Sleeping          |     2 |     4 |     4 ||    10
         Distracted        |       |     2 |     2 ||     4
         Invisible         |       |       |     1 ||     1
 Armour: Robe              |    38 |    89 |    76 ||   203
  Dodge: Dodged            |    45 |   100 |    86 ||   231
